 Dungeon Crawl Stone Soup version 0.31-a0-455-g1a7b003ef0 (webtiles) character file.

Game seed: 12293781941969686822

1003 mopl the Insei (level 8, -2/52 HPs)
             Began as an Octopode Shapeshifter on Aug 3, 2023.
             Was a Believer of Uskayaw.
             Slain by Grinder (3 damage)
             ... while paralysed by Grinder
             ... on level 6 of the Dungeon.
             The game lasted 00:05:29 (4743 turns).

mopl the Insei (Octopode Shapeshifter)              Turns: 4743, Time: 00:05:30

Health: -2/52      AC:  1    Str: 14    XL:     8   Next: 20%
Magic:  9/9        EV:  2    Int: 11    God:    Uskayaw [**....]
Gold:   269        SH:  0    Dex: 14    Spells: 7/7 levels left

rFire   . .          .
                       - Unarmed
rCold   . . .        (no shield)
rNeg    . . .        (helmet currently unavailable)
rPois   .            (no amulet)
rElec   .            w - ring of willpower
rCorr   .            (no ring)
SInv    .            (no ring)
Will    +....        (no ring)
Stlth   ++           (no ring)
HPRegen 0.28/turn    (no ring)
MPRegen 0.11/turn    (no ring)
                     (no ring)

%: no passive effects
@: paralysed, beast-form
A: beast (slay +3), almost no armour, amphibious, 8 rings, camouflage 1,
gelatinous body 1, (nimble swimmer 1), tentacles
a: Begin Untransformation, Renounce Religion, Stomp, Line Pass


You were on level 6 of the Dungeon.
You worshipped Uskayaw.
Uskayaw was noncommittal.
You were a hulking beast.
You visited 1 branch of the dungeon, and saw 6 of its levels.
You also visited: Ossuary.

You collected 269 gold pieces.

Inventory:

Missiles
 g - 9 poisoned darts (quivered)
 m - 7 boomerangs
 o - 4 curare-tipped darts
 y - 2 throwing nets
Jewellery
 d - a ring of fire
 p - a ring of wizardry
 w - a ring of willpower (left tentacle)
Talismans
 b - a beast talisman (active)
Wands
 j - a wand of acid (11)
 z - a wand of flame (9)
Scrolls
 c - 3 scrolls of amnesia {unknown}
 e - 4 scrolls of identify {unknown}
 f - 3 scrolls of vulnerability {unknown}
 h - 2 scrolls of noise {unknown}
 l - 2 scrolls of revelation {unknown}
 n - 4 scrolls of teleportation {unknown}
 r - a scroll of enchant armour {unknown}
 s - a scroll of enchant weapon {unknown}
Potions
 a - a potion of cancellation {unknown}
 i - a potion of resistance {unknown}
 k - 2 potions of heal wounds {unknown}
 q - a potion of degeneration {unknown}
 t - a potion of magic {unknown}
 u - a potion of ambrosia {unknown}
 v - 2 potions of lignification {!q}
 x - a potion of brilliance {unknown}


   Skills:
 + Level 3.5 Fighting
 + Level 3.9 Dodging
 * Level 5.9 Unarmed Combat
 + Level 2.4 Invocations
 * Level 5.2 Shapeshifting


You had 7 spell levels left.
You didn't know any spells.
Your spell library was empty.

Dungeon Overview and Level Annotations

Branches:
Dungeon (6/15)            Ossuary (visited)
 Temple: D:4-7

Altars:
Ashenzari
Makhleb
Nemelex Xobeh
Sif Muna
Uskayaw

Shops:
D:5 =

Annotations:
D:6 Grinder


Innate Abilities, Weirdness & Mutations

You are a hulking beast.
Your limbs bulge with bestial killing power. (Slay +3)
You cannot wear most types of armour.
You are amphibious.
You can wear up to eight rings at the same time.
Your skin changes colour to match your surroundings (Stealth+).
Your rubbery body absorbs attacks. (AC +1, EV +1)
((You are camouflaged when in or above water. (Stealth+)))
You have tentacles for arms and can constrict up to eight enemies at once.


Message History

You tentacle-slap the orc. Your grab misses the orc.
The orc is lightly wounded.
The orc hits you with a +0 dagger.
You tentacle-slap the orc but do no damage.
You grab the orc. You squeeze the orc.
You kill the orc!
You bludgeon the orc!
You kill the orc!
You tentacle-slap the orc warrior but do no damage.
Your grab misses the orc warrior.
Grinder blinks!
The orc warrior closely misses you.
You tentacle-slap the orc warrior but do no damage.
Your grab misses the orc warrior. You bludgeon the orc warrior!
Your grab misses the orc warrior. You squeeze the orc warrior.
The orc warrior is heavily wounded.
The orc warrior hits you with a +0 dire flail!
You can now pass through a line of other dancers.
You tentacle-slap the orc warrior but do no damage.
Your grab misses the orc warrior.
The orc warrior is heavily wounded.
The orc warrior hits you with a +0 dire flail!
You tentacle-slap the orc warrior. You grab the orc warrior.
The orc warrior is heavily wounded.
You constrict the orc warrior.
Grinder blinks!
The orc warrior closely misses you.
Unknown command.
You tentacle-slap the orc warrior.
The orc warrior is severely wounded.
You constrict the orc warrior. Grinder gestures at you.
You suddenly lose the ability to move!
You lose your grip on the orc warrior.
The orc warrior hits you with a +0 dire flail!
Grinder hits you but does no damage.
The orc warrior hits you with a +0 dire flail!
* * * LOW HITPOINT WARNING * * *
Grinder hits you.
* * * LOW HITPOINT WARNING * * *
You writhe in agony.
You die...

### #.#
#.# #.#
#.# #.#
#.# #5#
#h# #o#
#o#
.......
#.#
.....<.
#.#
.......
#.#
..o....
#.#
.......
#.#
.......
#.#


You could see Grinder, an orc warrior and an orc.

Vanquished Creatures
  Sigmund (D:4)
  A wraith (Ossuary)
  2 scorpions
  2 jellies (D:5)
  A gnoll bouda (D:4)
  2 hounds
  Crazy Yiuf (D:5)
  2 iguanas
  A sleepcap (D:5)
  A mummy (Ossuary)
  Robin (D:2)
  8 gnolls
  8 adders
  An ufetubus (D:4)
  A worm (D:2)
  3 dart slugs
  14 orcs
  8 ball pythons
  5 bats
  9 endoplasms
  4 giant cockroaches
  14 goblins
  11 hobgoblins
  7 jackals
  3 quokkas
  3 frilled lizards
  5 gnoll skeletons (Ossuary)
  9 kobolds
  6 kobold skeletons (Ossuary)
  13 orc skeletons (Ossuary)
  3 rats
150 creatures vanquished.

Notes
Turn   | Place    | Note
-------+----------+-------------------------------------------
     0 | D:1      | mopl the Octopode Shapeshifter began the quest for the Orb.
     0 | D:1      | Reached XP level 1. HP: 13/13 MP: 1/1
   189 | D:1      | Reached XP level 2. HP: 14/18 MP: 2/2
   425 | D:1      | Reached XP level 3. HP: 23/23 MP: 3/3
   882 | D:2      | Noticed Robin
   924 | D:2      | Killed Robin
   950 | D:2      | Reached XP level 4. HP: 23/28 MP: 4/4
   962 | D:2      | Found a faded altar of an unknown god.
  1236 | D:2      | Reached skill level 4 in Unarmed Combat
  1420 | D:3      | Found a shimmering blue altar of Sif Muna.
  1453 | D:3      | Reached XP level 5. HP: 32/34 MP: 5/5
  1477 | D:3      | Reached skill level 2 in Fighting
  1790 | D:3      | Found a hide-covered altar of Uskayaw.
  2536 | D:4      | Reached skill level 4 in Shapeshifting
  2574 | D:4      | Reached XP level 6. HP: 34/40 MP: 6/6
  2586 | D:3      | Found a sparkling altar of Nemelex Xobeh.
  2586 | D:3      | Found a broken altar of Ashenzari.
  2586 | D:3      | Found a burning altar of Makhleb.
  2603 | D:3      | Became a worshipper of Uskayaw the Reveller
  2672 | D:4      | Reached * piety under Uskayaw
  2746 | D:4      | Reached ** piety under Uskayaw
  2865 | D:4      | Noticed Sigmund
  2873 | D:4      | Killed Sigmund
  2874 | D:4      | Reached skill level 3 in Dodging
  2874 | D:4      | Reached skill level 5 in Unarmed Combat
  2874 | D:4      | Reached skill level 1 in Invocations
  2874 | D:4      | Reached XP level 7. HP: 45/45 MP: 7/7
  2922 | D:4      | Reached *** piety under Uskayaw
  2929 | D:4      | Reached **** piety under Uskayaw
  3348 | D:5      | Entered Level 5 of the Dungeon
  3362 | D:5      | Found a sand-covered staircase.
  3366 | Ossuary  | Entered an ossuary
  3366 | Ossuary  | Noticed a wraith
  3366 | Ossuary  | Noticed a wraith
  3366 | Ossuary  | Noticed a wraith
  3387 | Ossuary  | Reached skill level 3 in Fighting
  3431 | Ossuary  | Noticed a wraith
  3451 | Ossuary  | Killed a wraith
  3618 | D:5      | Reached skill level 2 in Invocations
  3624 | D:5      | Reached skill level 5 in Shapeshifting
  3789 | D:5      | Reached XP level 8. HP: 45/52 MP: 9/9
  3982 | D:5      | Found Kezayqeiz's Jewellery Shoppe.
  4083 | D:5      | Found a runed translucent door.
  4084 | D:5      | Noticed Crazy Yiuf
  4386 | D:5      | Killed Crazy Yiuf
  4553 | D:6      | Noticed Grinder
  4741 | D:6      | Paralysed by Grinder for 5 turns
  4743 | D:6      | HP: 1/52 [Grinder (3)]
  4743 | D:6      | Slain by Grinder

Illustrated notes

Levels and vault maps discovered:
D:1:      matt_arrival_spirals, layout_basic
D:2:      layout_rooms, basic_ecumenical_altar, minmay_misc_feat_ornament,
          uniq_robin
D:3:      minmay_razor_zed, layout_basic, nicolae_overflow_hidden_temple
D:4:      layout_loops_corners, uniq_sigmund
D:5:      layout_cave_pools, lightli_ossuary_entry_decrepit_ruins,
          chequers_serial_rivers_micro_e, minmay_shop_enchanted_jewellery,
          solitary_fountain, uniq_crazy_yiuf_cottage
D:6:      layout_basic, uniq_duvessa, uniq_grinder

Skill      XL: |  1  2  3  4  5  6  7 |
---------------+----------------------+-----
Unarmed Combat | 4 5 |  5.9
Fighting       | 2 3 |  3.5
Shapeshifting  | 4 5 |  5.2
Dodging        | 3 |  3.9
Invocations    | 1 2 |  2.4

Action                     |  1- 3 |  4- 6 |  7- 9 || total
---------------------------+-------+-------+-------++-------
  Melee: Unarmed           |    62 |   102 |   124 ||   288
         Constrict         |    17 |    28 |    37 ||    82
         Tentacles         |    12 |    22 |    33 ||    67
         Punch             |     1 |     3 |     6 ||    10
  Throw: Dart              |       |       |     2 ||     2
  Evoke: Wand              |       |       |     3 ||     3
    Use: Potion            |       |       |     1 ||     1
   Stab: Sleeping          |     5 |     9 |     2 ||    16
         Paralysed         |       |       |     3 ||     3
 Armour: Skin              |     9 |     3 |     5 ||    17
  Dodge: Dodged            |    25 |    59 |    64 ||   148

Table legend: (Time is in decaauts)
 A = Elapsed time spent in this place.
 B = Non-inter-level travel time spent in this place.
 C = Inter-level travel time spent in this place.
 D = Time resting spent in this place.
 E = Time spent auto-exploring this place.
 F = Levels seen in this place.
 G = Mean time per level.
                   A        B        C        D        E       F      G
               +--------+--------+--------+--------+--------+-----+--------+
         Total |   4718 |   4592 |    126 |    634 |   3034 |   7 |  674.0 |
       Dungeon |   4509 |   4383 |    126 |    602 |   3010 |   6 |  751.5 |
       Ossuary |    208 |    208 |      0 |     32 |     24 |   1 |  208.0 |
               +--------+--------+--------+--------+--------+-----+--------+

Top non-repeatable levels by time:
     D:5: 1138 daAuts
     D:3: 1119 daAuts
     D:4: 871 daAuts
     D:1: 810 daAuts
     D:2: 530 daAuts
 Ossuary: 208 daAuts
     D:6: 39 daAuts
